Cogmind - Beta 14 @@@ ROGUE MODE // 2025.04.29 @ 14:13:39 Player: Desos Result: Destroyed by EY-5IN(R) with Subdweller Laser Performance ------------- Evolutions (0) 0 Regions Visited (2) 400 Robots Destroyed (31) 155 Value Destroyed (978) 978 Prototype IDs (0) 0 Alien Tech Used (0) 0 Bonus (0) 0 TOTAL SCORE: 1533 Bonus ------- None Cogmind --------- Core Integrity 0/250 Matter 274/300 Energy 75/200 System Corruption 6% Temperature Warm (148) Movement Core (950) Ox18 Location -10/Subcaves Parts ------- > --- POWER (1) -------- Subdweller Power Source > --- PROPULSION (2) --- (None) > --- UTILITY (2) ------ High-capacity Storage Unit > --- WEAPON (2) ------- Particle Cannon Subdweller Beam Cannon > --- INVENTORY (20) --- Medium Battery (150) Structural Scanner Grenade Launcher Subdweller Shrapnel Launcher SUBCON Basin (Full) Peak State ------------ > --- POWER ------------ Ion Engine > --- PROPULSION ------- Light Treads Compact Wheel > --- UTILITY ---------- High-capacity Storage Unit Structural Scanner > --- WEAPON ----------- Particle Cannon Particle Cannon > --- INVENTORY -------- Subdweller Power Source Improved Heat Sink Medium Battery Grenade Launcher Subdweller Shrapnel Launcher SUBCON Basin [Rating: 27] Favorites ----------- Power Ion Engine Engine Ion Engine Propulsion Compact Wheel Treads Light Treads Wheel Compact Wheel Utility High-capacity Storage Unit Device Structural Scanner Storage High-capacity Storage Unit Weapon Particle Cannon Energy Gun EM Pulse Gun Energy Cannon Particle Cannon Ballistic Gun Light Assault Rifle Launcher Grenade Launcher Build | -11 -10 -10 ------- Run | Yrd Mat Sub Slots Evolved . | . . . Power . | . . . Propulsion . | . . . Utility . | . . . Weapon . | . . . Parts Attached 46 | 6 18 22 Power 3 | 1 1 1 Engine 3 | 1 1 1 Core . | . . . Reactor . | . . . Propulsion 12 | 2 9 1 Treads 5 | . 5 . Leg . | . . . Wheel 7 | 2 4 1 Hover . | . . . Flight . | . . . Utility 8 | 1 4 3 Device 5 | . 2 3 Storage 3 | 1 2 . Processor . | . . . Hackware . | . . . Protection . | . . . Artifact . | . . . Weapon 23 | 2 4 17 Energy Gun 2 | 1 1 . Energy Cannon 13 | . 2 11 Ballistic Gun 1 | 1 . . Ballistic Cannon . | . . . Launcher 7 | . 1 6 Special Weapon . | . . . Impact Weapon . | . . . Slashing Weapon . | . . . Piercing Weapon . | . . . Special Melee Weapon . | . . . Unidentified Prototypes . | . . . Parts Lost 6 | . 2 4 Power 2 | . 1 1 Propulsion 3 | . 1 2 Utility 1 | . . 1 Weapon . | . . . Highest Loss Streak 2 | . 1 2 To Critical Strikes . | . . . Average Slot Usage (%) 94 | . 95 94 Engine 13 | . 13 14 Treads 10 | . 12 9 Wheel 13 | . 14 12 Device 11 | . 8 13 Storage 14 | . 15 14 Energy Gun 1 | . 3 . Energy Cannon 25 | . 21 27 Ballistic Gun 1 | . 3 . Peak Build Rating 27 | 6 10 27 Average Rating 13 | 4 9 16 On Entrance 5 | . 6 10 Naked Turns . | . . . Heaviest Build 58 | 13 54 58 Greatest Support 40 | 32 40 16 Greatest Overweight (x) 19 | . 3 19 Average Overweight (x) 2 | . 1 3 Largest Inventory Capacity 20 | 8 20 20 Average Capacity 17 | 6 14 20 Most Carried 20 | 5 15 20 Average Carried 15 | 2 11 18 Final Capacity 20 | 8 20 20 Final Carried 19 | 3 15 19 Class Distribution -------------------- 100% | Mutant Dominant Class ---------------- Mutant | -10/Materials Mutant | -10/Subcaves Resources | -11 -10 -10 ----------- Run | Yrd Mat Sub Matter Collected 912 | 236 251 425 Remotely . | . . . Salvage Created 968 | . 660 308 Parts 65 | . 43 22 Haulers Intercepted . | . . . Recyclers Shooed . | . . . Parts Field Recycled . | . . . Retrieved Matter . | . . . Parts Self-Destructed 11 | . . 11 Prevented . | . . . Kills | -11 -10 -10 ------- Run | Yrd Mat Sub Combat Hostiles Destroyed 26 | . 16 10 Guns 1 | . 1 . Cannons 14 | . 10 4 AOE 11 | . 5 6 Classes Destroyed 8 | . 5 3 Worker 1 | . 1 . Operator 2 | . 2 . Watcher 2 | . 2 . Swarmer 4 | . 3 1 Grunt 14 | . 13 1 Sentry 1 | . . 1 Cobbler 1 | . . 1 Subdweller 7 | . . 7 Best Kill Streak 3 | . 3 2 Combat Bots Only 3 | . 3 2 Max Kills in Single Turn 2 | . 2 2 Gunslinging . | . . . Exploded 2 | . 2 2 Melee . | . . . Uniques/NPCs Destroyed . | . . . Combat | -11 -10 -10 -------- Run | Yrd Mat Sub Hostile Shots Fired 83 | . 43 40 Missed 26 | . 14 12 Damage Taken 1093 | . 573 520 Core 261 | . 113 148 Absorbed by Shields . | . . . Core Remaining (%) 100 | 100 . . Volleys Fired 90 | . 45 45 Largest 2 | . 2 2 Hottest 148 | . 136 148 Shots Fired 183 | . 89 94 Gun 40 | . 40 . Cannon 129 | . 47 82 Launcher 14 | . 2 12 Special . | . . . Kinetic 22 | . 22 . Thermal 129 | . 47 82 Explosive 14 | . 2 12 Electromagnetic 18 | . 18 . Robot Hit Streak 10 | . 8 10 Robot Miss Streak 6 | . 6 3 Penetration Max . | . . . Secondary Targets . | . . . Shots Hit Robots 76 | . 46 30 Core Hits 50 | . 30 20 Critical Kills 1 | . 1 . Critical Parts Destroyed . | . . . Critical Strikes 1 | . 1 . Destroy 1 | . 1 . Melee Attacks . | . . . Impact . | . . . Slashing . | . . . Piercing . | . . . Sneak Attacks . | . . . Combat Hostiles . | . . . Follow-up Attacks . | . . . Damage Inflicted 2499 | . 1137 1362 Guns 265 | . 265 . Cannons 1161 | . 591 570 Explosions 1073 | . 281 792 Melee . | . . . Ramming . | . . . Kinetic 75 | . 75 . Thermal 1195 | . 625 570 Explosive 1039 | . 247 792 Electromagnetic 190 | . 190 . Impact . | . . . Slashing . | . . . Piercing . | . . . Highest Corruption 6 | . 6 6 Average Corruption 5 | . 5 6 Corruption Purged . | . . . Corruption Blocked . | . . . Effects 89 | . 9 80 Message Errors 25 | . 1 24 Matter Fused 18 | . 1 17 Heat Flow Errors 8 | . 3 5 Energy Discharges 8 | . . 8 Data Loss (minor) 16 | . 2 14 Data Loss (major) 6 | . 1 5 Misfires 6 | . 1 5 Alerts 1 | . . 1 Weapon Failures 1 | . . 1 Overload Shots . | . . . Overflow Damage 13 | . 13 . Projectiles 6 | . 6 . Explosions 7 | . 7 . Melee . | . . . Knockbacks . | . . . Impact . | . . . Kinetic . | . . . Secondary . | . . . Self-Inflicted Damage 234 | . 234 . Shots 3 | . 3 . Rammed . | . . . Targets Rammed . | . . . Kicked . | . . . Crushed . | . . . Highest Temperature 435 | . 435 201 Average Temperature 84 | . 111 40 Received Heat Transfer 285 | . 150 135 Effects 3 | . 3 . Shutdowns 1 | . 1 . Interference 2 | . 2 . Siege Activations . | . . . Robots Corrupted . | . . . Combat Hostiles . | . . . Parts Fried 1 | . 1 . Impact Corruptions . | . . . Robots Melted . | . . . Combat Hostiles . | . . . Parts Melted 2 | . . 2 Heat Transferred 2048 | . 1123 925 Parts Sabotaged . | . . . Parts Stolen . | . . . Parts Stripped . | . . . Power Chain Reactions 1 | . 1 . Alert | -11 -10 -10 ------- Run | Yrd Mat Sub Peak Influence 263 | . 263 . Initial . | . . . Average 94 | . 97 . Maximum Alert Level 1 | . 1 . Low Security (%) 93 | 100 92 . Level 1 6 | . 7 . Level 2 . | . . . Level 3 . | . . . Level 4 . | . . . Level 5 . | . . . High Security . | . . . Max Security . | . . . Squads Dispatched 5 | . 5 . Investigation 3 | . 3 . Extermination . | . . . Reinforcement 2 | . 2 . Assault . | . . . Garrison . | . . . Intercept . | . . . Searches Triggered . | . . . Construction Impeded . | . . . Haulers Reinforced . | . . . Active Scanning Responses . | . . . Cargo Convoy Interrupts . | . . . Stealth | -11 -10 -10 --------- Run | Yrd Mat Sub Distress Signals . | . . . Communications Jammed . | . . . Distress Signals . | . . . Times Spotted 36 | . 25 11 Peak Tracking Total 4 | . 4 2 Tactical Retreats 2 | . 2 . Traps | -11 -10 -10 ------- Run | Yrd Mat Sub Traps Triggered 6 | . 6 . Indirectly . | . . . Trap Hack Attempts . | . . . Triggered . | . . . Disarmed 4 | . 4 . Reprogrammed . | . . . Reused . | . . . Traps Extracted . | . . . Installed . | . . . Triggered . | . . . Machines | -11 -10 -10 ---------- Run | Yrd Mat Sub Machines Disabled 2 | . 2 . Max in Single Turn 2 | . 2 . Machines Repaired . | . . . Machines Dismantled . | . . . Machines Sabotaged . | . . . Overloaded Fab Kills . | . . . Hacking | -11 -10 -10 --------- Run | Yrd Mat Sub Machines Accessed 9 | . 6 3 Terminals 5 | . 5 . Fabricators . | . . . Repair Stations . | . . . Recycling Units 1 | . 1 . Scanalyzers . | . . . Garrison Access . | . . . Total Hacks 23 | . 16 7 Successful 15 | . 8 7 Failed 8 | . 8 . Catastrophic 3 | . 3 . Database Lockouts . | . . . Manual 16 | . 16 . Terminals 14 | . 14 . Fabricators . | . . . Repair Stations . | . . . Recycling Units 2 | . 2 . Scanalyzers . | . . . Garrison Access . | . . . Terminal Hacks 9 | . 2 7 Record 5 | . . 5 Open Door 1 | . . 1 Unreport Threat 1 | . 1 . Disarm Traps 1 | . 1 . Release Object 1 | . . 1 Fabricator Hacks . | . . . Repair Station Hacks . | . . . Recycling Unit Hacks . | . . . Scanalyzer . | . . . Garrison Access Hacks . | . . . Unauthorized Hacks 6 | . 6 . Terminals 5 | . 5 . Botnet 4 | . 4 . Operators 1 | . 1 . Fabricators . | . . . Repair Stations . | . . . Recycling Units 1 | . 1 . Reject 1 | . 1 . Scanalyzers . | . . . Garrison Access . | . . . Data Cores Recovered . | . . . Used . | . . . Hacking Detections 6 | . 6 . Full Trace Events . | . . . Feedback Events . | . . . Feedback Blocked . | . . . Robot Schematics Acquired . | . . . Robots Built . | . . . Authchips . | . . . Time . | . . . Total Robot Build Rating . | . . . Part Schematics Acquired . | . . . Parts Built . | . . . Authchips . | . . . Time . | . . . Total Part Build Rating . | . . . Parts Repaired . | . . . Time . | . . . Parts Recycled . | . . . Recycled Matter . | . . . Retrieved Matter . | . . . Retrieved Components . | . . . Parts Scanalyzed . | . . . Part Schematics Acquired . | . . . Parts Damaged . | . . . Bothacking | -11 -10 -10 ------------ Run | Yrd Mat Sub Used RIF Installer . | . . . Robots Hacked . | . . . Non-combat . | . . . Combat . | . . . Robot Hacks Applied . | . . . Relay Couplers Released . | . . . Fabnet Peak Effective % . | . . . Robots Rewired . | . . . Allies Hacked . | . . . Hacks Repelled . | . . . Allies | -11 -10 -10 -------- Run | Yrd Mat Sub Total Allies . | . . . Largest Group . | . . . Highest-Rated Group . | . . . Highest-Rated Ally . | . . . Total Orders . | . . . Ally Attacks . | . . . Total Damage . | . . . Kills . | . . . Allies Corrupted . | . . . Allies Melted . | . . . Intel | -11 -10 -10 ------- Run | Yrd Mat Sub Robot Analysis Total . | . . . Derelict Logs Recovered 1 | . . 1 Drone Launches . | . . . Drone Recoveries . | . . . Exploration | -11 -10 -10 ------------- Run | Yrd Mat Sub Turns Passed 4546 | 58 1641 2847 Spaces Moved 2561 | 37 864 1660 Core 24 | 1 . 23 Treads 261 | . 261 . Legs . | . . . Wheels 2276 | 36 603 1637 Hover . | . . . Flight . | . . . Fastest Speed 50 | 50 100 145 Average Speed 154 | 98 151 156 Slowest Speed 1000 | 100 240 1000 Overloaded Moves . | . . . Propulsion Burnouts . | . . . Robots Hopped . | . . . Cave-ins Triggered . | . . . Exploration Rate (%) 51 | 3 95 57 Regions Visited 2 Branch Regions 1 Pre-discovered Areas . | . . . Known Exits Taken . | . . . Unknown Exits Taken 2 | 1 1 . Scrap Searched 3 | . . 3 Spaces Dug 2 | . . 2 Terrain Destroyed 81 | . 34 47 Melee . | . . . Projectile 2 | . . 2 AOE 79 | . 34 45 Terrain Rammed . | . . . Walls Destroyed . | . . . Machines Disabled . | . . . Actions | -11 -10 -10 --------- Run | Yrd Mat Sub Total 2982 | 57 1110 1815 Wait 226 | 7 157 62 Move 2559 | 36 863 1660 Hop . | . . . Pick Up 37 | 8 21 8 Fast Attach 1 | 1 . . Attach 10 | 5 4 1 Detach . | . . . Swap 35 | . 14 21 Drop 24 | . 6 18 Fire 90 | . 45 45 Melee . | . . . Ram . | . . . Kick . | . . . Crush . | . . . Escape Stasis . | . . . Rewire . | . . . Trap . | . . . Miscellaneous . | . . . Route ------- -11/Scrapyard -10/Materials (discovered 6 exits: [*Mat x3] / [*Min x2] / *Sub) -10/Subcaves (discovered 2 exits: [*Mat x2]) History --------- Turn | Location | Event 8 | -11/Scrapyard | Discovered new exit (range 15) 59 | -11/Scrapyard | Entered Materials 313 | -10/Materials | Build established: Mutant 677 | -10/Materials | Discovered new exit (range 11) 1246 | -10/Materials | Discovered new exit (range 16) 1389 | -10/Materials | Discovered new exit (range 11) 1422 | -10/Materials | Discovered new exit (range 16) 1532 | -10/Materials | Discovered new exit (range 3) 1619 | -10/Materials | Discovered new exit (range 16) 1700 | -10/Materials | Entered Subcaves 1934 | -10/Subcaves | Shifting Twisted Machinery released Flamer 1943 | -10/Subcaves | Shifting Twisted Machinery released Piercing Trap 2036 | -10/Subcaves | A swath of the cavern ceiling suddenly collapsed 2325 | -10/Subcaves | Visited Clippyterm 2330 | -10/Subcaves | Learned Factory stockpile data 2330 | -10/Subcaves | Learned Factory garrison access intel 2409 | -10/Subcaves | Curiously followed by a Cobbler waking with a query about "LVR3C" 2479 | -10/Subcaves | Discovered new exit (range 10) 2738 | -10/Subcaves | Shifting Twisted Machinery released Mak. Kinetic Plating 2999 | -10/Subcaves | Discovered new exit (range 12) 3009 | -10/Subcaves | Learned Materials terminal intel 3020 | -10/Subcaves | Core integrity fell below 50% 3537 | -10/Subcaves | Found SUBCON Basin 4540 | -10/Subcaves | Core integrity fell below 20% 4547 | -10/Subcaves | Destroyed by EY-5IN(R) with Subdweller Laser Last Messages --------------- 04288_ Y-45 Defender destroyed. 04299_ Hvy. Assault Rifle fries itself beyond repair. 04305_ System corrupted: Energy discharge (-92). 04331_ Acquired 14 matter. 04341_ System corrupted: Energy discharge (-57). 04343_ 0E-201(O) collects matter. 04354_ 0E-201(O) puts together Sub. Beam Cannon. 04371_ XHG#BKEI|SDOFL VJ S9#D 04410_ #LM=I=|9=:NQUCK%EVIN XG6BM ,6QG7 04451_ System corrupted: Matter fused (-6). 04467_ System corrupted: Heat flow error (+154). 04471_ 0E-201(O) cries out in pain. 04471_ 0E-201(O) destroyed. 04494_ Acquired 6 matter. 04512_ System corrupted: Matter fused (-9). 04521_ EY-5IN(R): "ECOKILL!" 04531_ Ion Engine destroyed. 04533_ Imp. Heat Sink destroyed. 04538_ System corrupted: Matter fused (-7). 04545_ EY-5IN(R) heat damages Scrap Shield. Map ----- +----------------------------------------------------+ | ??????????????????????????????????############## | | ?????????????????????????????????############## | | ?????????????????????????????????### #### | | ????????????????????????????####### # | | ???????????????????????????######## # | | ???????????????????????????### # | | ?????????????????????????#### # | | ????????????????????????##### #### | | ????????????????????????### # # ### ######## | | ????????????????????????## ## ##### ######### | | ????????????????????????### # # ##?#### | | ????????????????????????## ##?### | | ????????????????????????### ## ## ######?## | | ????????????????????????### ##########?### ## | | ????????????????????????### ## #####?????####### | | ???????????????????####### # ###????########### | | ??????????????????######### # ##????########### | | ??????????????????### # ##????## ##### | | ??????????????????## ###????### ### | | ??????????????????## ] ####?????## ## | | ??????????????????## ###?????### #### | | ??????????????????### ##?????#### ##### | | ??????????????????##### < / ########### ##### | | ???????????????????##### %*########## ###?### | | ???????????????????##### ! #### ####?### | | ???????????????????## @ ##### ######## | | ???????????????????### ###### ######### | | ???????????????????### ########## ### #### | | ???????????????????## ###### ## ## | | ??????????????????? R ####### | | ????????????????? # ######## | | ???????????????? ######## ## | | ????????????## #####?## ## ## # | | ????????????########????### ### # | | ????????????#######?????######## ##### | | ?????????????????????????####### ####### | | ??????????????????????????????#### ######## # | | ??????????????????????????????#### ###### ## | | ???????????????????????????????### #### ## | | ???????????????????????????????### #### # # ### | | ???????????????????????????????## # # #### | | ???????????????????????????????### # ## | | ???????????????????????????????### # # ## | | ???????????????????????????????## # ##### ### | | ???????????????????????????????### # #### #### | | ???????????????????????????????## ## # ##### | | ??????????????????????????????### ## ##?? | | ??????????????????????????????#### # ##### | | ?????????????????????????????### # ##### | | ???????????????????????######### ### ### | +----------------------------------------------------+ Best States ------------- Heat Dissipation 35 Energy Generation 15 Energy Capacity 250 Matter Stores 300 Matter Capacity 300 Sight Range 16 Terrain Scan Density 10 Evasion (%) 40 Recoil Reduction 2 Item Schematics ----------------- None Robot Schematics ------------------ None Fabricated ------------ Nothing Alien Tech Used ----------------- None Achievements -------------- None Challenges ------------ None Game ------ Seed SwordSpikedInsulator Manual? 0 Play Time 00:28:25 Cumulative 30.0 hours Start 2025.04.29 @ 13:46:23 End 2025.04.29 @ 14:13:39 Sessions 1 Manual Loads 0 Difficulty Rogue Special Mode None Game No. 56 Rogue 56 Adventurer 0 Explorer 0 Win Type - Total 0 Types 0/0/0/0/0/0/0/0/0 Lore% 16 Gallery% 18 Achievement% 18 Wizard Run 0 Options --------- Layout 0 ASCII 0 Keyboard 0 Movement Mouse Keybinds 1 Fullscreen 2 Font 20/SmallcapsGlow Map View 96x60 Zoom Use 0% Tactical HUD 1 Map Filters NONE Filters NONE Steam 1 RUN: 65994e45-f8bb-42ce-b4e8-9c789d332ae8